 Dungeon Sprint DCSS version 0.31-a0-544-gceb718ecc6 (webtiles) character file.

Game seed: 15318813698786906114

1911 rocky1 the Grappler (level 8, -4/61 HPs)
             Began as a Demonspawn Shapeshifter on Aug 16, 2023.
             Was an Initiate of Gozag.
             Slain by an efreet
             ... wielding a +1 scimitar of flaming
              (14 damage)
             ... in the Dungeon (Sprint IX: "|||||||||||||||||||||||||||||").
             The game lasted 00:01:47 (486 turns).

rocky1 the Grappler (Demonspawn Shapeshifter)        Turns: 486, Time: 00:01:48

Health: -4/61      AC:  2    Str: 17    XL:     8   Next: 95%
Magic:  8/8        EV: 15    Int:  9    God:    Gozag
Gold:   321        SH:  0    Dex: 15    Spells: 7/7 levels left

rFire   . .          .
                       - Unarmed
rCold   . . .        (no shield)
rNeg    . . .        a - +0 animal skin
rPois   .            (helmet currently unavailable)
rElec   .            (cloak currently unavailable)
rCorr   .            (gloves currently unavailable)
SInv    .            (boots currently unavailable)
Will    +....        (no amulet)
Stlth   +++          (no ring)
HPRegen 0.30/turn    (no ring)
MPRegen 0.11/turn

%: no teleportation
@: beast-form, gold aura, enlightened, flying, hasted, invisible, unable to
drink, very quick
A: beast (slay +4), powered by death 2, demonic touch 1, inability to drink
after injury 1
a: Begin Untransformation, Renounce Religion, Potion Petition, Call Merchant,
Bribe Branch


You were in the Dungeon.
You worshipped Gozag.
Gozag was aware of your devotion.
You were a hulking beast.
You visited 1 branch You collected 711 gold pieces.
You paid 390 gold pieces to Gozag.

Inventory:

Armour
 a - a +0 animal skin (worn)
 o - a +1 chain mail
Jewellery
 m - a +3 ring of strength
 n - a +2 ring of protection
Talismans
 c - a beast talisman (active)
 d - a flux talisman
Wands
 l - a wand of light (7)
Scrolls
 j - 2 scrolls of blinking
 k - 2 scrolls of amnesia
Potions
 b - a potion of lignification
 e - 5 potions of curing
 f - 3 potions of heal wounds
 g - a potion of haste
 h - 4 potions of magic


   Skills:
 + Level 4.5 Fighting
 + Level 7.2 Dodging
 + Level 5.1 Stealth
 + Level 12.7 Unarmed Combat
 + Level 1.7 Evocations
 + Level 8.7 Shapeshifting


You had 7 spell levels left.
You didn't know any spells.
Your spell library was empty.

Dungeon Overview and Level Annotations

Branches:
Dungeon (1/1)

Altars:
Cheibriados
Dithmenos
Fedhas
Gozag
Hepliaklqana
Kikubaaqudgha
Makhleb
Nemelex Xobeh
Okawaru
Qazlal
Ru
Sif Muna
Trog
Uskayaw
Vehumet
Wu Jian
Xom
Yredelemnul
Jiyva
Lugonu


Innate Abilities, Weirdness & Mutations

You are a hulking beast.
Your limbs bulge with bestial killing power. (Slay +4)
You regenerate health from kills.
Your touch may inflict minor irresistible damage on your foes.
You occasionally lose the ability to drink potions when taking damage.


Message History

The efreet completely misses you.
Things that are here:
243 gold pieces; 5 large rocks You punch the efreet!
The efreet is moderately wounded.
The efreet closely misses you.
The boulder beetle is distracted by your dazzling golden aura.
You punch the efreet!
The efreet is heavily wounded.
You punch the two-headed ogre!
The two-headed ogre is moderately wounded.
You punch the two-headed ogre!
The two-headed ogre is moderately wounded.
You punch the two-headed ogre!
The two-headed ogre is severely wounded.
You punch the two-headed ogre!
The two-headed ogre is almost dead.
The two-headed ogre completely misses you.
The two-headed ogre hits you with a +0 giant spiked club!!
You feel threatened and lose the ability to drink potions!
* * * LOW HITPOINT WARNING * * *
You punch the two-headed ogre!
You kill the two-headed ogre!
The boulder beetle is no longer distracted by gold.
The boulder beetle is distracted by your dazzling golden aura.
Your Dodging skill increases to level 7!
Your Stealth skill gained 2 levels and is now at level 5!
Your Unarmed Combat skill increases to level 12!
You cannot drink potions in your current state! [a] - 220 gold - haste [b] - 336 gold - brilliance and magic [c] - 390 gold - haste and enlightenment Purchase which effect?
You no longer have enough gold to petition Gozag for potion effects.
You feel yourself speed up.
You feel very buoyant.
You fly up into the air.
The efreet hits you with a +1 scimitar of flaming!
You die...
Your body crumbles into a pile of gold. ▓▓▓▓▓▓▓▓▓▓▓▓▓▓▓▓▓▓▓▓▓▓▓ +.uB○Rh$......)...[[.). ▓▓▓▓▓▓▓▓▓▓▓▓▓▓▓▓▓▓▓▓▓▓▓

You could see a boulder beetle (unaware, unable to see you), a red ugly thing (unable to see you) and an efreet (wandering, unable to see you).

Vanquished Creatures
  A two-headed ogre (D)
  A cyclops (D)
  A kobold demonologist (D)
  3 yaks (D)
  A vampire mosquito (D)
  An acid dragon (D)
  A black bear (D)
  A wight (D)
  2 adders (D)
  An ufetubus (D)
  An orc (D)
  A goblin (D)
  A hobgoblin (D)
  A bat (D)
  2 rats (D)
19 creatures vanquished.

Notes
Turn   | Place    | Note
-------+----------+-------------------------------------------
     0 | D        | rocky1 the Demonspawn Shapeshifter began the quest for the
                  | Orb.
     0 | D        | Reached XP level 1. HP: 15/15 MP: 1/1
    19 | D        | Reached skill level 3 in Unarmed Combat
    30 | D        | Noticed a black bear
    35 | D        | Gained mutation: You regenerate a little health from kills.
                  | [demonic ancestry]
    35 | D        | Reached XP level 2. HP: 21/21 MP: 2/2
    42 | D        | Killed a black bear
    43 | D        | Reached skill level 5 in Unarmed Combat
    43 | D        | Reached skill level 5 in Shapeshifting
    43 | D        | Gained mutation: Your touch may inflict minor irresistible
                  | damage on your foes. [demonic ancestry]
    43 | D        | Reached XP level 3. HP: 26/26 MP: 3/3
    43 | D        | Reached XP level 4. HP: 32/32 MP: 4/4
   100 | D        | Found a snail-covered altar of Cheibriados.
   100 | D        | Found a shadowy altar of Dithmenos.
   100 | D        | Found a blossoming altar of Fedhas.
   100 | D        | Found an opulent altar of Gozag.
   101 | D        | Found a hazy altar of Hepliaklqana.
   102 | D        | Found a viscous altar of Jiyva.
   103 | D        | Found an ancient bone altar of Kikubaaqudgha.
   104 | D        | Found a corrupted altar of Lugonu.
   105 | D        | Found a burning altar of Makhleb.
   106 | D        | Found a sparkling altar of Nemelex Xobeh.
   107 | D        | Found an iron altar of Okawaru.
   108 | D        | Became a worshipper of Gozag Ym Sagoz the Greedy
   109 | D        | Found a stormy altar of Qazlal.
   110 | D        | Found a sacrificial altar of Ru.
   111 | D        | Found a shimmering blue altar of Sif Muna.
   112 | D        | Found a bloodstained altar of Trog.
   113 | D        | Found a hide-covered altar of Uskayaw.
   114 | D        | Found a radiant altar of Vehumet.
   115 | D        | Found an ornate altar of the Wu Jian Council.
   116 | D        | Found a shimmering altar of Xom.
   117 | D        | Found a basalt altar of Yredelemnul.
   127 | D        | Found the +8 Vampire's Tooth {megavamp}
   143 | D        | Noticed a yak
   143 | D        | Noticed an acid dragon
   143 | D        | Noticed a yak
   143 | D        | Noticed a yak
   143 | D        | Noticed a kobold demonologist
   163 | D        | Noticed a neqoxec
   164 | D        | Gained mutation: You occasionally lose the ability to drink
                  | potions when taking damage. [a neqoxec]
   168 | D        | Killed a kobold demonologist
   169 | D        | Reached skill level 5 in Dodging
   169 | D        | Reached skill level 8 in Unarmed Combat
   169 | D        | Gained mutation: You regenerate health from kills. [demonic
                  | ancestry]
   169 | D        | Reached XP level 5. HP: 26/40 MP: 5/5
   169 | D        | Reached XP level 6. HP: 30/46 MP: 6/6
   170 | D        | Reached skill level 9 in Unarmed Combat
   175 | D        | Killed a yak
   176 | D        | Reached skill level 1 in Stealth
   176 | D        | Reached XP level 7. HP: 47/52 MP: 7/7
   180 | D        | Killed a yak
   181 | D        | Reached skill level 10 in Unarmed Combat
   184 | D        | Killed a yak
   190 | D        | Reached skill level 1 in Evocations
   468 | D        | Noticed a red ugly thing
   468 | D        | Noticed a boulder beetle
   468 | D        | Noticed a two-headed ogre
   468 | D        | Noticed an efreet
   468 | D        | Noticed a cyclops
   468 | D        | Noticed a vampire mosquito
   472 | D        | Killed a vampire mosquito
   473 | D        | Reached skill level 11 in Unarmed Combat
   473 | D        | Reached XP level 8. HP: 60/60 MP: 8/8
   477 | D        | Killed a cyclops
   485 | D        | Killed a two-headed ogre
   486 | D        | Reached skill level 5 in Stealth
   486 | D        | Reached skill level 12 in Unarmed Combat
   486 | D        | Slain by an efreet

Illustrated notes

Levels and vault maps discovered:
D:        linesprint [early_d, line_temple, items_1, d_10, items_2, lair_1,
          lair_end, items_3, orc_1, orc_end, items_4, d_15, swamp_1, shoals_1,
          snake_1, spider_1, d_20, vaults_1, items_5, swamp_end, shoals_end,
          snake_end, spider_end, vaults_end, d_27, items_6, zot_1, zot_end,
          crypt_end, forest_end, elf_end, slime_end, tomb_end, abyss_end,
          pan_hell_end]

Skill      XL: |  1  2  3  4  5  6  7  8 |
---------------+-------------------------+-----
Dodging        | 2 3 5 6 7 |  7.2
Shapeshifting  | 3 5 7 8 |  8.7
Unarmed Combat | 3 5 8 9 11 12 | 12.7
Fighting       | 2 3 4 |  4.5
Stealth        | 1 2 5 |  5.1
Evocations     | 1 |  1.7

Action                     |  1- 3 |  4- 6 |  7- 9 || total
---------------------------+-------+-------+-------++-------
  Melee: Unarmed           |    27 |    31 |    26 ||    84
         Touch             |       |     5 |     1 ||     6
         Punch             |       |     1 |     3 ||     4
 Invoke: Potion Petition   |       |       |     1 ||     1
  Evoke: Wand              |       |     2 |     1 ||     3
    Use: Potion            |     1 |       |     1 ||     2
   Stab: Invisible         |       |     2 |     4 ||     6
 Armour: Animal skin       |     2 |     6 |     1 ||     9
  Dodge: Dodged            |    18 |    17 |    13 ||    48

Table legend: (Time is in decaauts)
 A = Elapsed time spent in this place.
 B = Non-inter-level travel time spent in this place.
 C = Inter-level travel time spent in this place.
 D = Time resting spent in this place.
 E = Time spent auto-exploring this place.
 F = Levels seen in this place.
 G = Mean time per level.
                   A        B        C        D        E       F      G
               +--------+--------+--------+--------+--------+-----+--------+
         Total |    487 |    487 |      0 |    330 |      0 |   1 |  487.0 |
       Dungeon |    487 |    487 |      0 |    330 |      0 |   1 |  487.0 |
               +--------+--------+--------+--------+--------+-----+--------+

Top non-repeatable levels by time:
       D: 487 daAuts
